 Dungeon Crawl Stone Soup version 0.29-a0-414-g5075937ec3 (webtiles) character file.

Game seed: 18219697822371432063

1629 Sabo the Chopper (level 8, -9/66 HPs)
             Began as a Palentonga Warper on May 15, 2022.
             Was an Elder of Lugonu.
             Mangled by a troll (12 damage)
             ... on level 6 of the Dungeon.
             The game lasted 00:37:47 (8046 turns).

Sabo the Chopper (Palentonga Warper)                Turns: 8046, Time: 00:37:48

Health: -9/66      AC: 19    Str: 20    XL:     8   Next: 65%
Magic:  0/11       EV: 10    Int: 16    God:    Lugonu [****..]
Gold:   233        SH:  0    Dex: 10    Spells: 11/11 levels left

rFire   + . .      SeeInvis +   D - +0 hand axe (vorpal)
rCold   . . .      Faith    .   (no shield)
rNeg    . . .      Spirit   +   k - +2 chain mail {rF+}
rPois   .          Reflect  .   C - +0 hat
rElec   .          Harm     .   f - +1 cloak
rCorr   .          Rampage  .   (no gloves)
Will    .....                   (no barding)
Stlth   ..........              c - amulet of guardian spirit
HPRegen 0.21/turn               x - +6 ring of strength
MPRegen 0.12/turn               w - +4 ring of evasion

@: lethally poisoned (-9 -> -11), curled up
A: large, rugged brown scales 3, see invisible, deformed body, roll 1, armoured
tail, reflexive curl
a: Rolling Charge, Renounce Religion, Depart the Abyss, Bend Space, Banish,
Corrupt


You were on level 6 of the Dungeon.
You worshipped Lugonu.
Lugonu was greatly pleased with you.
You visited 1 branch of the dungeon, and saw 6 of its levels.

You collected 317 gold pieces.
You spent 84 gold pieces at shops.

Inventory:

Hand Weapons
 g - a +3 dagger of speed
 m - a +0 longbow
 q - a +0 hunting sling
 D - a +0 vorpal hand axe (weapon)
Missiles
 s - 5 boomerangs (quivered)
Armour
 f - a +1 cloak (worn)
 k - a +2 chain mail of fire resistance (worn)
 C - a +0 hat (worn)
Magical Staves
 F - a staff of cold
Jewellery
 c - an amulet of guardian spirit (around neck)
 h - a +6 ring of intelligence
 p - a ring of willpower
 v - a ring of resist corrosion
 w - a +4 ring of evasion (right hand)
 x - a +6 ring of strength (left hand)
Scrolls
 d - a scroll of enchant weapon
 n - a scroll of teleportation
 y - a scroll of magic mapping
 A - a scroll of brand weapon
Potions
 b - a potion of degeneration {unknown}
 e - 2 potions of attraction {unknown}
 o - 2 potions of curing {unknown}
 t - a potion of haste {unknown}
 u - a potion of might {unknown}
 z - a potion of berserk rage {unknown}
 B - a potion of cancellation {unknown}
 E - 2 potions of flight {unknown}


   Skills:
 + Level 5.0 Fighting
 + Level 6.7 Axes
 + Level 2.1 Throwing
 + Level 4.7 Armour
 + Level 2.7 Dodging
 + Level 0.4 Stealth
 + Level 2.1 Spellcasting
 + Level 3.6 Translocations


You had 11 spell levels left.
You didn't know any spells.
Your spell library contained the following spells:

 Spells                   Type           Power      Damage    Failure   Level
 Blink                    Tloc           26%        N/A       54%         2
 Gell's Gravitas          Tloc           13%        N/A       78%         3
 Lesser Beckoning         Tloc           13%        N/A       78%         3
 Teleport Other           Tloc           13%        N/A       78%         3
 Animate Skeleton         Necr           2%         N/A       89%         1
 Pain                     Necr           4%         1d4       89%         1
 Sting                    Tmut/Pois      4%         1d3       89%         1
 Poisonous Vapours        Pois/Air       2%         N/A       96%         2
 Confusing Touch          Hex            1%         N/A       99%         3
 Vampiric Draining        Necr           1%         2d6       99%         3
 Olgreb's Toxic Radiance  Pois           1%         N/A       100%        4
 Manifold Assault         Tloc           13%        N/A       100%        5
 Yara's Violent Unravell  Hex/Tmut       0%         3d3       100%        5
 Enfeeble                 Hex            0%         N/A       100%        7


Dungeon Overview and Level Annotations

Branches:
Dungeon (6/15)
 Temple: D:4-7

Altars:
Uskayaw
The Shining One
Lugonu

Shops:
D:3 (


Innate Abilities, Weirdness & Mutations

You are completely covered in rugged brown scales. (AC +3, +7% HP)
You have supernaturally acute eyesight. (SInv)
Armour fits poorly on your strangely shaped body.
You can roll at nearby foes to attack.
You have a long armoured tail.
You curl defensively after being hit. (AC +7*)


Message History

The boomerang hits the orc wizard!
You kill the orc wizard!
Lugonu accepts your kill.
The water moccasin bites you but does no damage.
The water moccasin bites you!
You are poisoned.
The water moccasin poisons you!
You closely miss the water moccasin.
Your tail-slap misses the water moccasin.
The water moccasin is almost dead.
You feel very sick. The water moccasin bites you.
You slash the water moccasin!
You kill the water moccasin!
Lugonu accepts your kill.
You feel very sick. The hound bites you but does no damage.
Your Fighting skill increases to level 5!
You closely miss the hound.
The hound is heavily wounded.
You feel sick. The hound closely misses you.
You slash the hound!
You kill the hound!
Lugonu accepts your kill.
You feel sick.
You hit the troll.
The troll is lightly wounded.
You feel sick. The troll bites you!
* * * LOW HITPOINT WARNING * * *
The troll claws you but does no damage. The troll barely misses you.
You closely miss the troll.
The troll is lightly wounded.
You feel sick. The troll closely misses you. The troll barely misses you.
The troll claws you.
* * * LOW HITPOINT WARNING * * *
You slash the troll! You tail-slap the troll.
The troll is moderately wounded.
* * * LOW HITPOINT WARNING * * *
You feel sick. The troll bites you!
You die...

############
...........
######$........
#..@TSo)..(.#
......#####.....#
.####
#............
....###..J.....
.. .....#...
#......(.
#..#.#.⌠.
.........
..$..#...


You could see a troll, an adder and an orc.

Vanquished Creatures
  2 water moccasins
  A sky beast (D:3)
  An orc warrior (D:5)
  2 ogres (D:5)
  2 black bears
  2 centaurs (D:5)
  A phantom (D:5)
  A jelly (D:6)
  8 hounds
  A gnoll shaman (D:5)
  2 iguanas (D:4)
  2 orc wizards (D:6)
  7 adders
  7 gnolls (D:5)
  2 worms (D:2)
  3 dart slugs
  8 orcs
  9 ball pythons
  4 bats
  6 endoplasms
  5 giant cockroaches
  10 goblins
  9 hobgoblins
  2 quokkas
  3 frilled lizards
  10 kobolds
  8 rats
118 creatures vanquished.

Vanquished Creatures (others)
  8 plants
8 creatures vanquished.

Grand Total: 126 creatures vanquished

Notes
Turn   | Place    | Note
-------+----------+-------------------------------------------
     0 | D:1      | Sabo the Palentonga Warper began the quest for the Orb.
     0 | D:1      | Reached XP level 1. HP: 17/17 MP: 3/3
   254 | D:1      | Reached XP level 2. HP: 21/23 MP: 5/5
   885 | D:1      | Found a faded altar of an unknown god.
   885 | D:1      | Noticed a golden eye
   890 | D:1      | Noticed a golden eye
   891 | D:1      | Noticed a floating eye
   891 | D:1      | Noticed a shining eye
   896 | D:1      | Prayed at the altar of an unknown god.
   896 | D:1      | Became a worshipper of Lugonu the Unformed
   896 | D:1      | Reached * piety under Lugonu
   896 | D:1      | Reached ** piety under Lugonu
  1192 | D:1      | Reached XP level 3. HP: 27/28 MP: 6/6
  1325 | D:1      | Reached skill level 1 in Armour
  2704 | D:2      | Reached XP level 4. HP: 35/35 MP: 7/7
  2716 | D:2      | You fall into a shaft and drop 2 floors!
  3968 | D:3      | Reached *** piety under Lugonu
  4159 | D:3      | Reached skill level 3 in Axes
  4163 | D:3      | Reached skill level 1 in Throwing
  4376 | D:3      | Noticed a sky beast
  4390 | D:3      | Killed a sky beast
  4391 | D:3      | Reached XP level 5. HP: 18/41 MP: 8/8
  4571 | D:3      | Found a glowing golden altar of the Shining One.
  4718 | D:3      | Found Ecrimp's Weapon Emporium.
  4812 | D:3      | Bought a +0 vorpal hand axe for 84 gold pieces
  4982 | D:4      | Reached XP level 6. HP: 11/50 MP: 9/9
  5347 | D:4      | Reached skill level 4 in Axes
  5657 | D:4      | Noticed a water moccasin
  5682 | D:4      | Killed a water moccasin
  6104 | D:4      | Gained mutation: You curl defensively after being hit. (AC
                  | +7*) [Palentonga growth]
  6104 | D:4      | Reached XP level 7. HP: 50/55 MP: 8/10
  6391 | D:5      | Entered Level 5 of the Dungeon
  6597 | D:5      | Reached skill level 5 in Axes
  7208 | D:5      | Reached XP level 8. HP: 41/64 MP: 8/11
  7334 | D:5      | Noticed a +0 falchion
  7334 | D:5      | Noticed a +0 dagger
  7335 | D:5      | Noticed a +0 dagger
  7336 | D:5      | Noticed a +0 falchion
  7336 | D:5      | Noticed a +0 spear
  7336 | D:5      | Noticed a +0 spear
  7336 | D:5      | Noticed a +0 short sword
  7336 | D:5      | Noticed a +0 short sword
  7339 | D:5      | Found a hide-covered altar of Uskayaw.
  7562 | D:5      | Reached skill level 6 in Axes
  7684 | D:5      | Reached **** piety under Lugonu
  8021 | D:6      | Noticed a troll
  8042 | D:6      | Reached skill level 5 in Fighting
  8046 | D:6      | HP: 3/66 [poisoned by a water moccasin]
  8046 | D:6      | Mangled by a troll

Illustrated notes

Levels and vault maps discovered:
D:1:      scummos_arrival_hexagon, layout_loops_corners,
          hellmonk_ecumenical_altar_watching_god
D:2:      wad_lake_hut, layout_basic
D:3:      minmay_wonky_spiral, layout_loops_ring,
          nicolae_tso_swordbearing_angel, serial_shops, shop
D:4:      black_bear_nest_1, layout_basic, serial_bayou, serial_bayou_pond_d,
          serial_bayou_pond_d, serial_bayou_pond_d, serial_bayou_pond_e,
          serial_bayou_crossing
D:5:      layout_basic, nicolae_uskayaw_en_pointe
D:6:      kennysheep_slugbush, layout_rooms, elyvilon_altar_5,
          overflow_temple_1_default

Skill      XL: |  1  2  3  4  5  6  7  8 |
---------------+-------------------------+-----
Armour         | 1 2 3 4 |  4.7
Axes           | 3 4 5 6 |  6.7
Throwing       | 1 2 |  2.1
Dodging        | 2 |  2.7
Fighting       | 3 4 5 |  5.0
Stealth        | |  0.4
Spellcasting   | |  2.1
Translocations | |  3.6

Action                   |  1- 3 |  4- 6 |  7- 9 || total
-------------------------+-------+-------+-------++-------
Melee: Hand axe          |   149 |   152 |   123 ||   424
       Tailslap          |    14 |    13 |    20 ||    47
       Punch             |     1 |     4 |     1 ||     6
Throw: Boomerang         |     5 |     9 |     1 ||    15
       Javelin           |       |     7 |    18 ||    25
  Use: Scroll            |       |     7 |     1 ||     8
       Potion            |       |       |     2 ||     2
Armor: Leather armour    |    66 |       |       ||    66
       Chain mail        |     2 |   105 |   117 ||   224
Dodge: Dodged            |    69 |    63 |   104 ||   236

Table legend: (Time is in decaauts)
 A = Elapsed time spent in this place.
 B = Non-inter-level travel time spent in this place.
 C = Inter-level travel time spent in this place.
 D = Time resting spent in this place.
 E = Time spent auto-exploring this place.
 F = Levels seen in this place.
 G = Mean time per level.
                   A        B        C        D        E       F      G
               +--------+--------+--------+--------+--------+-----+--------+
         Total |   8250 |   8250 |      0 |   2880 |      0 |   6 | 1375.0 |
       Dungeon |   8250 |   8250 |      0 |   2880 |      0 |   6 | 1375.0 |
               +--------+--------+--------+--------+--------+-----+--------+

Top non-repeatable levels by time:
     D:2: 2016 daAuts
     D:1: 1661 daAuts
     D:4: 1617 daAuts
     D:5: 1616 daAuts
     D:3: 1288 daAuts
     D:6: 49 daAuts
